 Dungeon Crawl Stone Soup version 0.31-a0-859-g9dce7d3444 (webtiles) character file.

Game seed: 733249767223393972

341 Darius099 the Chopper (level 6, -2/55 HPs)
             Began as a Minotaur Fighter on Oct 10, 2023.
             Slain by a gnoll bouda
             ... wielding a +1 whip of freezing
              (8 damage)
             ... on level 5 of the Dungeon.
             The game lasted 00:06:25 (3036 turns).

Darius099 the Chopper (Minotaur Fighter)            Turns: 3036, Time: 00:06:26

Health: -2/55      AC:  7    Str: 28    XL:     6   Next: 30%
Magic:  0/5        EV:  9    Int:  5    God:
Gold:   208        SH:  5    Dex: 10    Spells: 5/5 levels left

rFire   . . .        a - +0 war axe
rCold   . . .        c - +0 buckler
rNeg    . . .        b - +0 scale mail
rPois   .            (helmet restricted)
rElec   .            (no cloak)
rCorr   .            (no gloves)
SInv    .            (no boots)
Will    .....        v - amulet of guardian spirit Stlth
                     e - +6 ring of strength
HPRegen 0.29/turn    (no ring)
MPRegen 0.09/turn

%: guardian spirit
@: no status effects
A: horns 2, retaliatory headbutt
a: no special abilities


You were on level 5 of the Dungeon.
You visited 1 branch of the dungeon, and saw 5 of its levels.

You collected 208 gold pieces.

Inventory:

Hand Weapons
 a - a +0 war axe (weapon)
Missiles
 q - a throwing net
 w - 6 atropa-tipped darts
Armour
 b - a +0 scale mail (worn)
 c - a +0 buckler (worn)
Jewellery
 e - a +6 ring of strength (left hand)
 v - an amulet of guardian spirit (around neck)
Wands
 u - a wand of mindburst (16)
Scrolls
 f - 3 scrolls of noise {unknown}
 g - a scroll of fog {unknown}
 h - a scroll of poison {unknown}
 l - a scroll of identify {unknown}
 m - 2 scrolls of teleportation {unknown}
 o - a scroll of vulnerability {unknown}
 p - a scroll of summoning {unknown}
 r - a scroll of amnesia {unknown}
 t - 2 scrolls of enchant armour {unknown}
 x - a scroll of silence {unknown}
Potions
 d - 4 potions of might
 i - a potion of lignification {unknown}
 j - 2 potions of curing {unknown}
 k - 2 potions of attraction {unknown}
 n - a potion of brilliance {unknown}
 s - a potion of haste {unknown}


   Skills:
 - Level 4.9 Fighting
 + Level 5.5 Axes
 - Level 4.9 Armour
 - Level 4.9 Shields


You had 5 spell levels left.
You didn't know any spells.
Your spell library was empty.

Dungeon Overview and Level Annotations

Branches:
Dungeon (5/15)
 Temple: D:4-7

Altars:
Yredelemnul

Annotations:
D:5 Pikel


Innate Abilities, Weirdness & Mutations

You have a pair of horns on your head.
You reflexively headbutt those who attack you in melee.


Message History

You barely miss the gnoll.
A lemure comes into view.
The lemure hits you. The gnoll hits you with a +0 flail.
You barely miss the lemure.
The lemure is almost dead.
You slash the gnoll!
You kill the gnoll!
The lemure closely misses you. You furiously retaliate!
You headbutt the lemure.
You kill the lemure!
That felt strangely unrewarding.
The lemure hits you.
The gnoll bouda hits you but does no damage.
You slash the gnoll bouda! Your headbutt misses the gnoll bouda.
The gnoll bouda is almost dead.
You closely miss the lemure. You block the gnoll's attack.
Pikel, Merchant of Souls comes into view.
He is wielding a +2 whip of flaming.
The gnoll bouda hits you with a +1 whip of freezing.
The gnoll bouda freezes you. The lemure hits you.
You closely miss the gnoll bouda.
The gnoll bouda is almost dead.
You hit the lemure.
The gnoll hits you from afar with a +0 halberd.
The lemure hits you but does no damage. The gnoll bouda misses you.
The gnoll hits you from afar with a +0 halberd!
You hit the gnoll bouda but do no damage.
The gnoll bouda is almost dead.
You miss the lemure.
The gnoll bouda hits you with a +1 whip of freezing.
* * * LOW HITPOINT WARNING * * *
The gnoll bouda freezes you.
* * * LOW HITPOINT WARNING * * *
The lemure hits you but does no damage. The gnoll closely misses you.
You closely miss the gnoll bouda.
The gnoll bouda is almost dead.
You closely miss the lemure. The lemure barely misses you.
You block the gnoll bouda's attack.
The gnoll hits you from afar with a +0 halberd!
* * * LOW HITPOINT WARNING * * *
The gnoll bouda hits you with a +1 whip of freezing!
You die...

. .. ### ... .K.
... #g# #.. #g#
#...#@#
##...5.###
........).#######
#########........
#...##### #..##
#####.########
#.............
.....##..########


You could see Pikel, a lemure, a gnoll bouda and a gnoll (swift).

Vanquished Creatures
  The ghost of NinOmni the Cudgeller, an amateur TrGl (D:3)
  2 lemures (D:5)
  Ijyb (D:4)
  Natasha (twice) (D:3)
  Robin (D:4)
  7 gnolls
  An adder (D:3)
  2 adder zombies (D:3)
  2 worms
  3 dart slugs
  7 bats
  5 endoplasms
  5 giant cockroaches
  8 goblins
  9 hobgoblins
  4 jackals (D:1)
  A quokka (D:2)
  4 ball pythons
  A frilled lizard (D:1)
  5 kobolds
  3 rats
74 creatures vanquished.

Notes
Turn   | Place    | Note
-------+----------+-------------------------------------------
     0 | D:1      | Darius099 the Minotaur Fighter began the quest for the Orb.
     0 | D:1      | Reached XP level 1. HP: 19/19 MP: 0/0
   118 | D:1      | Reached XP level 2. HP: 22/27 MP: 1/1
   322 | D:1      | Found a faded altar of an unknown god.
   324 | D:1      | Noticed a shining eye
   324 | D:1      | Noticed a golden eye
   325 | D:1      | Noticed a golden eye
   325 | D:1      | Noticed an eye of devastation
   449 | D:2      | Reached skill level 3 in Axes
   545 | D:2      | Reached XP level 3. HP: 33/33 MP: 2/2
  1272 | D:3      | Found a runed translucent gate.
  1272 | D:3      | Found a runed translucent gate.
  1272 | D:3      | Found a runed translucent gate.
  1272 | D:3      | Noticed NinOmni's ghost (amateur TrGl)
  1520 | D:3      | Found a basalt altar of Yredelemnul.
  1526 | D:3      | Reached XP level 4. HP: 41/41 MP: 3/3
  1641 | D:3      | Noticed Natasha
  1645 | D:3      | Killed Natasha
  1689 | D:3      | Noticed Natasha
  1698 | D:3      | Killed Natasha
  1835 | D:3      | Killed NinOmni's ghost
  1836 | D:3      | Reached skill level 4 in Axes
  1836 | D:3      | Reached XP level 5. HP: 14/47 MP: 4/4
  2168 | D:4      | Noticed Ijyb
  2280 | D:4      | Killed Ijyb
  2289 | D:4      | Noticed Robin
  2294 | D:4      | Killed Robin
  2295 | D:4      | Reached XP level 6. HP: 54/55 MP: 5/5
  2439 | D:4      | Reached skill level 5 in Axes
  2987 | D:5      | Entered Level 5 of the Dungeon
  3033 | D:5      | Noticed Pikel
  3036 | D:5      | Slain by a gnoll bouda

Illustrated notes

Levels and vault maps discovered:
D:1:      nzn_arrival_crosshair, layout_rooms,
          hellmonk_ecumenical_altar_watching_god
D:2:      layout_loops_ring
D:3:      layout_basic, nicolae_yredelemnul_ghost_church,
          minmay_misc_feat_square, kennysheep_pointless_box, uniq_natasha
D:4:      layout_gridville, nicolae_goblin_pals, uniq_ijyb
D:5:      layout_basic, minmay_pentangle, uniq_eustachio, uniq_pikel,
          uniq_sigmund

Skill      XL: |  1  2  3  4  5  6 |
---------------+-------------------+-----
Fighting       | 4 |  4.9
Armour         | 4 |  4.9
Axes           | 3 4 5 |  5.5
Shields        | 4 |  4.9

Action                     |  1- 3 |  4- 6 || total
---------------------------+-------+-------++-------
  Melee: War axe           |    88 |    78 ||   166
         Headbutt          |    13 |    11 ||    24
 Armour: Scale mail        |    62 |    64 ||   126
  Dodge: Dodged            |    36 |    37 ||    73
  Block: Buckler           |    19 |    19 ||    38

Table legend: (Time is in decaauts)
 A = Elapsed time spent in this place.
 B = Non-inter-level travel time spent in this place.
 C = Inter-level travel time spent in this place.
 D = Time resting spent in this place.
 E = Time spent auto-exploring this place.
 F = Levels seen in this place.
 G = Mean time per level.
                   A        B        C        D        E       F      G
               +--------+--------+--------+--------+--------+-----+--------+
         Total |   3092 |   2978 |    114 |    135 |   1971 |   5 |  618.4 |
       Dungeon |   3092 |   2978 |    114 |    135 |   1971 |   5 |  618.4 |
               +--------+--------+--------+--------+--------+-----+--------+

Top non-repeatable levels by time:
     D:4: 1016 daAuts
     D:3: 838 daAuts
     D:2: 736 daAuts
     D:1: 448 daAuts
     D:5: 52 daAuts
